A+ EAST
WILMINGTON BLUE ROCKS @ ROME BRAVES
07/29/2041
 
TOP OF THE 1ST
Wilmington Blue Rocks batting - Pitching for Rome Braves : LHP Jerry Mayes
Pitching: LHP Jerry Mayes
Batting: RHB Juan Mateo 0-0: Bunted foul
0-1: Foul Ball, location: 2F
0-2: Strikes out looking
Batting: RHB Honório Barracho 0-0: Foul Ball, location: 2F
0-1: Foul Ball, location: 2F
0-2: Ball
1-2: Ball
2-2: Strikes out looking
Batting: RHB Robinson Flores 0-0: Called Strike
0-1: Ball
1-1: Swinging Strike
1-2: Foul Ball, location: 2F
1-2: Ball
2-2: Ball
3-2: Base on Balls
Batting: RHB Assunção Contreras 0-0: Ball
1-0: Called Strike
1-1: Ball
2-1: Called Strike
2-2: Ball
3-2: Foul Ball, location: 5F
3-2: Strikes out looking
Top of the 1st over - 0 runs, 0 hits, 0 errors, 1 left on base; Wilmington 0 - Rome 0
BOTTOM OF THE 1ST
Rome Braves batting - Pitching for Wilmington Blue Rocks : RHP António Gómes
Pitching: RHP António Gómes
Batting: RHB Víctor Morales 0-0: Called Strike
0-1: Foul Ball, location: 2F
0-2: Ground out 3-1 (Groundball, 34S, EV 81.9 MPH)
Batting: LHB Efraín Ramos 0-0: Ball
1-0: Called Strike
1-1: Foul Ball, location: 2F
1-2: Ground out 1-3 (Groundball, 13, EV 70.0 MPH)
Batting: RHB Pete Saunders 0-0: Called Strike
0-1: Ball
1-1: Ground out U3 (Groundball, 3, EV 103.8 MPH)
Bottom of the 1st over - 0 runs, 0 hits, 0 errors, 0 left on base; Wilmington 0 - Rome 0
TOP OF THE 2ND
Wilmington Blue Rocks batting - Pitching for Rome Braves : LHP Jerry Mayes
Batting: LHB Dave Lewis 0-0: Ball
1-0: Ball
2-0: Ball
3-0: Base on Balls
Batting: LHB César Cantú 0-0: Ball
1-0: Swinging Strike
1-1: Foul Ball, location: 25FF
1-2: Strikes out swinging
Batting: RHB Dan Mitchell 0-0: Swinging Strike
0-1: Ball
1-1: Ball
2-1: Swinging Strike
2-2: Foul Ball, location: 2F
2-2: Strikes out swinging
Batting: RHB Noel Brennan 0-0: Swinging Strike
0-1: Swinging Strike
0-2: Strikes out swinging
Top of the 2nd over - 0 runs, 0 hits, 0 errors, 1 left on base; Wilmington 0 - Rome 0
BOTTOM OF THE 2ND
Rome Braves batting - Pitching for Wilmington Blue Rocks : RHP António Gómes
Batting: RHB Manny Arreola 0-0: Ball
1-0: Called Strike
1-1: Foul Ball, location: 2F
1-2: Hit by Pitch
Batting: LHB Charlie Gibson 0-0: Ball
1-0: Ball
2-0: Foul Ball, location: 7LDF
2-1: Grounds into double play, 4-6-3 (Groundball, 4, EV 103.1 MPH)
Batting: SHB Tomás Cruz 0-0: Ball
1-0: Called Strike
1-1: Ball
2-1: Ground out 4-3 (Groundball, 4, EV 80.6 MPH)
Bottom of the 2nd over - 0 runs, 0 hits, 0 errors, 0 left on base; Wilmington 0 - Rome 0
TOP OF THE 3RD
Wilmington Blue Rocks batting - Pitching for Rome Braves : LHP Jerry Mayes
Batting: RHB António Ríos 0-0: Ball
1-0: Swinging Strike
1-1: Ball
2-1: Ball
3-1: Called Strike
3-2: Strikes out looking
Batting: RHB Juan Mateo 0-0: SINGLE (Line Drive, 6D, EV 96.3 MPH)
Batting: RHB Honório Barracho 0-0: Called Strike
0-1: Ball
1-1: Ball
2-1: Foul Ball, location: 9LMF
2-2: Strikes out swinging
Batting: RHB Robinson Flores 0-0: Called Strike
0-1: Ball
Juan Mateo is caught stealing 2nd base 2-4
Top of the 3rd over - 0 runs, 1 hit, 0 errors, 0 left on base; Wilmington 0 - Rome 0
BOTTOM OF THE 3RD
Rome Braves batting - Pitching for Wilmington Blue Rocks : RHP António Gómes
Batting: SHB Doug Roy 0-0: Swinging Strike
0-1: Ball
1-1: Foul Ball, location: 2F
1-2: Ball
2-2: Foul Ball, location: 5DF
2-2: Foul Ball, location: 2F
2-2: Strikes out looking
Batting: LHB José Sullivan 0-0: Foul Ball, location: 7LSF
0-1: Ball
1-1: Ground out U3 (Groundball, 34, EV 79.4 MPH)
Batting: RHB Raúl Vastuez 0-0: Ground out 6-3 (Groundball, 6S, EV 83.8 MPH)
Bottom of the 3rd over - 0 runs, 0 hits, 0 errors, 0 left on base; Wilmington 0 - Rome 0
TOP OF THE 4TH
Wilmington Blue Rocks batting - Pitching for Rome Braves : LHP Jerry Mayes
Batting: RHB Robinson Flores 0-0: Called Strike
0-1: Foul Ball, location: 23F
0-2: Ball
1-2: Foul Ball, location: 9LSF
1-2: Ball
2-2: Strikes out looking
Batting: RHB Assunção Contreras 0-0: Ground out 5-3 (Groundball, 56S, EV 84.4 MPH)
Batting: LHB Dave Lewis 0-0: Ball
1-0: Ball
2-0: Called Strike
2-1: Ball
3-1: SINGLE (Groundball, 4M, EV 99.4 MPH)
Batting: LHB César Cantú 0-0: Ball
Dave Lewis is caught stealing 2nd base 2-6
Top of the 4th over - 0 runs, 1 hit, 0 errors, 0 left on base; Wilmington 0 - Rome 0
BOTTOM OF THE 4TH
Rome Braves batting - Pitching for Wilmington Blue Rocks : RHP António Gómes
Batting: RHB Víctor Morales 0-0: Ball
1-0: Foul Ball, location: 7LSF
1-1: Ground out 4-3 (Groundball, 4, EV 76.3 MPH)
Batting: LHB Efraín Ramos 0-0: Called Strike
0-1: Swinging Strike
0-2: Ball
1-2: Ball
2-2: Ball
3-2: Foul Ball, location: 2F
3-2: Base on Balls
Batting: RHB Pete Saunders Pickoff Play to 1st, Runner tries for 2nd, OUT after rundown.
0-0: Foul Ball, location: 2F
0-1: Ball
1-1: Ball
2-1: Foul Ball, location: 2F
2-2: Strikes out looking
Bottom of the 4th over - 0 runs, 0 hits, 0 errors, 0 left on base; Wilmington 0 - Rome 0
TOP OF THE 5TH
Wilmington Blue Rocks batting - Pitching for Rome Braves : LHP Jerry Mayes
Batting: LHB César Cantú 0-0: Hit by Pitch
Batting: RHB Dan Mitchell 0-0: Ball
1-0: Ball
2-0: Ball
3-0: Base on Balls
César Cantú to second
Batting: RHB Noel Brennan 0-0: Ball
1-0: Called Strike
1-1: Sac Bunt to 13S - play at first, batter OUT! 1-3
César Cantú to third
Dan Mitchell to second
Batting: RHB António Ríos 0-0: Foul Ball, location: 2F
0-1: Fly out, F4 (Popup, 34D, EV 54.4 MPH)
Batting: RHB Juan Mateo 0-0: Ball
1-0: Swinging Strike
1-1: Swinging Strike
1-2: Foul Ball, location: 2F
1-2: Ball
2-2: Strikes out swinging
Top of the 5th over - 0 runs, 0 hits, 0 errors, 2 left on base; Wilmington 0 - Rome 0
BOTTOM OF THE 5TH
Rome Braves batting - Pitching for Wilmington Blue Rocks : RHP António Gómes
Batting: RHB Manny Arreola 0-0: Ball
1-0: Foul Ball, location: 2F
1-1: SOLO HOME RUN (Flyball, 9D, EV 97.5 MPH), Distance : 367 ft
Batting: LHB Charlie Gibson 0-0: Ball
1-0: Called Strike
1-1: Ground out U3 (Groundball, 3L, EV 108.8 MPH)
Batting: SHB Tomás Cruz 0-0: Called Strike
0-1: Ball
1-1: Ball
2-1: Swinging Strike
2-2: Ball
3-2: Base on Balls
Batting: SHB Doug Roy 0-0: Ground out 5-3 (Groundball, 56S, EV 71.9 MPH)
Tomás Cruz to second
Batting: LHB José Sullivan 0-0: Fly out, F8 (Flyball, 8RM, EV 91.9 MPH)
Bottom of the 5th over - 1 run, 1 hit, 0 errors, 1 left on base; Wilmington 0 - Rome 1
TOP OF THE 6TH
Wilmington Blue Rocks batting - Pitching for Rome Braves : LHP Jerry Mayes
Batting: RHB Honório Barracho 0-0: Swinging Strike
0-1: Ball
1-1: Foul Ball, location: 25FF
1-2: Ball
2-2: Ball
3-2: Foul Ball, location: 23F
3-2: Foul Ball, location: 2F
3-2: Strikes out swinging
Pitching: RHP Lou Dundee
Batting: RHB Robinson Flores 0-0: Swinging Strike
0-1: Ground out 6-3 (Groundball, 6, EV 85.0 MPH)
Pinch Hitting: SHB Doug Stevens 0-0: Ball
1-0: Ball
2-0: Called Strike
2-1: Foul Ball, location: 2F
2-2: Fly out, F5 (Line Drive, 56, EV 74.4 MPH)
Top of the 6th over - 0 runs, 0 hits, 0 errors, 0 left on base; Wilmington 0 - Rome 1
BOTTOM OF THE 6TH
Rome Braves batting - Pitching for Wilmington Blue Rocks : RHP António Gómes
Now in CF: Robinson Flores
Now in RF: Doug Stevens
Batting: RHB Raúl Vastuez 0-0: Ball
1-0: Foul Ball, location: 2F
1-1: Ground out 6-3 (Groundball, 6, EV 81.3 MPH)
Batting: RHB Víctor Morales 0-0: Ground out 3-1 (Groundball, 34, EV 105.6 MPH)
Batting: LHB Efraín Ramos 0-0: Called Strike
0-1: Ball
1-1: Foul Ball, location: 2F
1-2: Ball
2-2: Strikes out looking
Bottom of the 6th over - 0 runs, 0 hits, 0 errors, 0 left on base; Wilmington 0 - Rome 1
TOP OF THE 7TH
Wilmington Blue Rocks batting - Pitching for Rome Braves : RHP Lou Dundee
Batting: LHB Dave Lewis 0-0: Foul Ball, location: 2F
0-1: SINGLE (Flyball, 9LS, EV 92.5 MPH)
Batting: LHB César Cantú 0-0: Called Strike
Dave Lewis is caught stealing 2nd base 2-6
0-1: Swinging Strike
0-2: Ball
1-2: Foul Ball, location: 7LMF
1-2: SINGLE (Groundball, 4MD, EV 98.8 MPH)
Pinch Hitting: LHB Jeff Yoder 0-0: Ball
1-0: Grounds into double play, 4-6-3 (Groundball, 4, EV 82.5 MPH)
Top of the 7th over - 0 runs, 2 hits, 0 errors, 0 left on base; Wilmington 0 - Rome 1
BOTTOM OF THE 7TH
Rome Braves batting - Pitching for Wilmington Blue Rocks : RHP António Gómes
Now at 2B: António Rodríguez
Batting: RHB Pete Saunders 0-0: Called Strike
0-1: Foul Ball, location: 2F
0-2: Ball
1-2: Foul Ball, location: 9LSF
1-2: Ball
2-2: Ground out 5-3 (Groundball, 56S, EV 90.0 MPH)
Batting: RHB Manny Arreola 0-0: Foul Ball, location: 2F
0-1: Ball
1-1: Ball
2-1: Called Strike
2-2: SINGLE (Line Drive, 8RS, EV 96.3 MPH)
Pitching: RHP Toby Rottschaefer
Batting: LHB Charlie Gibson 0-0: Foul Ball, location: 7LMF
0-1: Ball
1-1: Ball
2-1: Fielders Choice at 2nd, 2-6 (Groundball, 2R, EV 71.3 MPH)
Batting: SHB Tomás Cruz 0-0: Ball
1-0: Ball
2-0: Called Strike
2-1: Ground out 4-3 (Groundball, 34D, EV 95.6 MPH)
Bottom of the 7th over - 0 runs, 1 hit, 0 errors, 1 left on base; Wilmington 0 - Rome 1
TOP OF THE 8TH
Wilmington Blue Rocks batting - Pitching for Rome Braves : RHP Lou Dundee
Batting: RHB Leonardo Rivera 0-0: Ball
1-0: Foul Ball, location: 9LSF
1-1: Called Strike
1-2: Fly out, F7 (Flyball, 7, EV 75.6 MPH)
Pinch Hitting: SHB Mike McNeil 0-0: Ball
1-0: Ball
2-0: Called Strike
2-1: SINGLE (Flyball, 8LS, EV 91.3 MPH)
Batting: RHB Juan Mateo 0-0: Sac Bunt to 15S - play at first, batter OUT! 1-3
Mike McNeil to second
Batting: RHB Honório Barracho 0-0: Called Strike
0-1: SINGLE (Line Drive, 8RS, EV 96.3 MPH)
Mike McNeil to third
Runner from 3rd tries for Home, SAFE, throw by CF to home
Batting: RHB Robinson Flores 0-0: Ball
1-0: Swinging Strike
1-1: Foul Ball, location: 23F
1-2: Strikes out swinging
Top of the 8th over - 1 run, 2 hits, 0 errors, 1 left on base; Wilmington 1 - Rome 1
BOTTOM OF THE 8TH
Rome Braves batting - Pitching for Wilmington Blue Rocks : RHP Toby Rottschaefer
Now at 3B: Mike McNeil
Batting: SHB Doug Roy 0-0: Called Strike
0-1: Ball
1-1: Foul Ball, location: 5F
1-2: Foul Ball, location: 2F
1-2: Ball
2-2: Ground out 6-3 (Groundball, 6, EV 83.1 MPH)
Batting: LHB José Sullivan 0-0: Called Strike
0-1: Swinging Strike
0-2: Ball
1-2: Strikes out swinging
Pinch Hitting: LHB David Guzmán 0-0: Called Strike
0-1: Swinging Strike
0-2: Ball
1-2: Ball
2-2: Foul Ball, location: 7LSF
2-2: Strikes out swinging
Bottom of the 8th over - 0 runs, 0 hits, 0 errors, 0 left on base; Wilmington 1 - Rome 1
TOP OF THE 9TH
Wilmington Blue Rocks batting - Pitching for Rome Braves : RHP Lou Dundee
Now at C: Raúl De La Madrid
Batting: SHB Doug Stevens 0-0: Ground out 4-3 (Groundball, 4, EV 88.1 MPH)
Batting: LHB Dave Lewis 0-0: Ball
1-0: Foul Ball, location: 2F
1-1: Foul Ball, location: 3FF
1-2: Ball
2-2: Foul Ball, location: 5FF
2-2: SINGLE (Line Drive, 6D, EV 97.5 MPH)
Batting: LHB César Cantú 0-0: Ball
1-0: Foul Ball, location: 3FF
1-1: Ball
2-1: Ball
3-1: Base on Balls
Dave Lewis to second
Pitching: RHP Mitch Jensen
Pinch Hitting: RHB Juan Calderón 0-0: Foul Ball, location: 2F
0-1: Called Strike
0-2: Ball
1-2: Strikes out swinging
Batting: RHB Leonardo Rivera 0-0: Ball
1-0: Ball
2-0: Ball
3-0: Called Strike
3-1: Swinging Strike
3-2: Ground out 6-3 (Groundball, 6M, EV 104.4 MPH)
Top of the 9th over - 0 runs, 1 hit, 0 errors, 2 left on base; Wilmington 1 - Rome 1
BOTTOM OF THE 9TH
Rome Braves batting - Pitching for Wilmington Blue Rocks : RHP Toby Rottschaefer
Pitching: LHP Steve Brown
Now at 2B: Ron Clements
Batting: RHB Víctor Morales 0-0: Swinging Strike
0-1: Swinging Strike
0-2: Foul Ball, location: 9LSF
0-2: Strikes out swinging
Pinch Hitting: RHB Chris Klein 0-0: Ball
1-0: Swinging Strike
1-1: SINGLE (Groundball, 6MS, EV 69.4 MPH) (infield hit)
Batting: RHB Pete Saunders 0-0: Called Strike
0-1: Called Strike
0-2: Foul Ball, location: 2F
0-2: Strikes out swinging
Batting: RHB Manny Arreola 0-0: Ball
1-0: Ball
2-0: SINGLE (Groundball, 56D, EV 103.1 MPH)
Chris Klein to second
Batting: RHB Ernesto Martínez 0-0: Ball
1-0: Ball
2-0: Called Strike
2-1: Fly out, F6 (Popup, 6MD, EV 64.4 MPH)
Bottom of the 9th over - 0 runs, 2 hits, 0 errors, 2 left on base; Wilmington 1 - Rome 1
TOP OF THE 10TH
Wilmington Blue Rocks batting - Pitching for Rome Braves : RHP Mitch Jensen
Pitching: RHP Chris Byers
Now in CF: Jorge Lugo
Now in RF: Pete Saunders
Batting: SHB Mike McNeil 0-0: Called Strike
0-1: Called Strike
0-2: SINGLE (Line Drive, 6MD, EV 96.3 MPH)
Batting: RHB Juan Mateo 0-0: Sac Bunt to 5S - play at first, batter OUT! 5-3
Mike McNeil to second
Batting: RHB Honório Barracho 0-0: Ball
1-0: Foul Ball, location: 2F
1-1: Foul Ball, location: 9LDF
1-2: Ball
2-2: Foul Ball, location: 2F
2-2: DOUBLE (Flyball, 78D, EV 103.1 MPH)
Mike McNeil scores
Batting: RHB Robinson Flores 0-0: Called Strike
0-1: Ball
1-1: Called Strike
1-2: Strikes out swinging
Batting: SHB Doug Stevens 0-0: Called Strike
0-1: Ball
1-1: Foul Ball, location: 5FF
1-2: Strikes out swinging
Top of the 10th over - 1 run, 2 hits, 0 errors, 1 left on base; Wilmington 2 - Rome 1
BOTTOM OF THE 10TH
Rome Braves batting - Pitching for Wilmington Blue Rocks : LHP Steve Brown
Pinch Hitting: RHB Jose Danieli 0-0: Ball
1-0: Called Strike
1-1: SINGLE (Line Drive, 9S, EV 87.5 MPH)
Batting: SHB Doug Roy 0-0: Bunt - Flyout to 25! F5
Pinch Hitting: RHB Alfredo Paredes 0-0: Ball
1-0: Foul Ball, location: 9LSF
1-1: Ball
2-1: Swinging Strike
2-2: Fly out, F3 (Popup, 34S, EV 78.1 MPH)
Batting: RHB Raúl De La Madrid 0-0: Ball
1-0: Called Strike
1-1: Ball
2-1: Ball
3-1: Base on Balls
Jose Danieli to second
Batting: RHB Víctor Morales 0-0: Called Strike
0-1: Ball
1-1: Fly out, F7 (Flyball, 7S, EV 95.0 MPH)
Bottom of the 10th over - 0 runs, 1 hit, 0 errors, 2 left on base; Wilmington 2 - Rome 1
Monday, April 1st , 2024 - OOTP Baseball 24.10 Build 82